Unix NetHack Version 3.7.0-88 Work-in-progress - last build Aug 21 2023 14:09:19 (b68ccb3e4f8f5dcb83e1e40b1ff56e7dffd4cd28,branch:master). Game began 2023-08-29 17:02:36, ended 2023-08-29 18:17:31. Grasshopper, neutral female human Wizard --------- -.......| |.......|######### |.....<.|# -.------ ------------- -- ------# |......| ............| ##### |......| |............ # ## |......|# |........^..| # ## |.......#####".........>.| # ------|-#### |......(....| -[-.- |........[..| |@aan ------------- |...| |.... ....| ----- Grasshopper the Thaumaturge St:12 Dx:11 Co:15 In:18 Wi:10 Ch:12 Neutral S:5308 Dlvl:5 $:2234 HP:0(49) Pw:34(66) AC:-1 Xp:7/691 T:4501 Latest messages: You were wearing an uncursed blindfold. You can see again. In what direction? 4 You find no traps on the door. In what direction? 4 You find no traps on the door. In what direction? 4 You find no traps on the door. The door resists! The door resists! The door opens. What do you want to call this dungeon level? nymph You climb up the stairs. You see here a leather armor. You see here a large box. u - 8 crossbow bolts. v - 11 darts. You stumble into a spider web! You are stuck to the web. You are stuck to the web. You disentangle yourself. You are carrying too much to get through. There are several objects here. You have a little trouble lifting w - a spellbook of force bolt. Your movements are slowed slightly because of your load. What do you want to throw? [$cnpuvDT or ?*] j In what direction? 6 The jar crashes on the water nymph's head and breaks into shards. The potion of paralysis evaporates. You drop a spellbook of force bolt. Your movements are now unencumbered. The air around you begins to shimmer with a golden haze. The soldier ant bites! The soldier ant stings! The golden haze around you becomes more dense. The soldier ant bites! The soldier ant misses! The soldier ant bites! The soldier ant stings! The golden haze around you becomes more dense. The soldier ant misses! The soldier ant just misses! The soldier ant bites! The soldier ant stings! The golden haze around you becomes more dense. The soldier ant misses! The soldier ant stings! You die... Do you want your possessions identified? [ynq] (y) y Do you want to see your attributes? [ynq] (y) q Inventory: Coins ('$') $ - 2234 gold pieces Amulets ('"') Q - an uncursed amulet of magical breathing (being worn) W - an uncursed amulet of strangulation Weapons (')') a - a blessed +1 quarterstaff (weapon in hands) c - an uncursed +0 orcish dagger (alternate weapon; not wielded) n - 2 uncursed +0 orcish daggers (at the ready) p - 2 uncursed +0 daggers u - 8 uncursed +0 crossbow bolts v - 11 uncursed +0 darts D - an uncursed +2 dagger named nc T - a blessed +2 orcish dagger Armor ('[') b - an uncursed +0 cloak of magic resistance (being worn) y - a blessed +0 dwarvish cloak H - an uncursed +0 orcish helm (being worn) U - an uncursed +0 cloak of displacement Comestibles ('%') i - an uncursed apple r - an uncursed magic lamp F - an uncursed pancake M - an uncursed fortune cookie N - 2 uncursed food rations S - an uncursed egg Scrolls ('?') K - a blessed scroll of earth X - a cursed scroll of create monster Z - an uncursed scroll of magic mapping Spellbooks ('+') e - an uncursed spellbook of remove curse Wands ('/') f - an uncursed wand of digging named 1 (0:7) o - an uncursed wand of undead turning (0:6) Rings ('=') d - an uncursed ring of shock resistance z - an uncursed ring of teleport control named nc Potions ('!') g - an uncursed potion of extra healing k - 2 uncursed potions of hallucination l - 2 uncursed potions of confusion m - an uncursed potion of extra healing q - an uncursed potion of fruit juice s - an uncursed potion of object detection C - a blessed potion of fruit juice O - an uncursed potion of confusion Tools ('(') t - an uncursed blindfold x - an uncursed +0 pick-axe E - an uncursed tallow candle I - a cursed tallow candle Gems/Stones ('*') h - an uncursed worthless piece of red glass G - a cursed worthless piece of black glass Grasshopper the Wizard's attributes: Background: You were a Thaumaturge, a level 7 female human Wizard. You were neutral, on a mission for Thoth who was opposed by Ptah (lawful) and Anhur (chaotic). You were in the Dungeons of Doom, on level 5. You entered the dungeon 4501 turns ago. You had 691 experience points, 589 more were needed to attain level 8. Your score was 5308 before end-of-game adjustments. Basics: You had 0 out of 49 hit points. You had 34 out of 66 energy points (spell power). Your armor class was -1. Your wallet contained 2234 zorkmids. Autopickup was on for '$"=/!?+*' plus thrown, with exceptions. Final Characteristics: Your strength was 12 (limit:18/100). Your dexterity was 11 (limit:18). Your constitution was 15 (limit:18). Your intelligence was 18 (limit:18). Your wisdom was 10 (limit:18). Your charisma was 12 (limit:18). Final Status: You were not hungry. You were unencumbered. You were wielding a quarterstaff. You had basic skill with quarterstaff and could have enhanced that. Final Attributes: You were piously aligned. You were magic-protected. You were telepathic. You could survive without air. You had a moderate defense bonus (+9). You were warded. You are dead. Miscellaneous: You encountered 1 bones level. Total elapsed playing time was 1 hour, 14 minutes and 55 seconds. Major events: Turn 1: Grasshopper the neutral female human Wizard entered the dungeon 593: attained the rank of Conjurer (level 3) 1929: entered the Gnomish Mines 3257: attained the rank of Thaumaturge (level 6) 4501: killed by a soldier ant Vanquished creatures: a rock mole a fog cloud a shrieker 2 gnome leaders 8 giant ants 2 floating eyes a kitten 2 dwarves a homunculus a giant bat 2 orc zombies 2 iguanas 11 killer bees 2 acid blobs 3 coyotes 4 hobbits 3 giant rats 4 cave spiders a yellow mold 2 green molds a gnome 6 garter snakes 6 geckos 2 jackals a fox a kobold 6 goblins a sewer rat 3 grid bugs a bat 7 lichens 8 newts 97 creatures vanquished. No species were genocided or became extinct. Voluntary challenges: You read items or engraved 12 times. You never engraved Elbereth. You never genocided any monsters. You never polymorphed an object. You never changed form. You used no wishes. Achievements: You attained the rank of Conjurer. You entered the Gnomish Mines. You entered a shop. You attained the rank of Thaumaturge. The Dungeons of Doom: levels 1 to 7 Level 1: "arrow" A fountain. Level 2: "v" An altar, some fountains. Level 3: "v" A potion shop. Stairs down to The Gnomish Mines. Level 4: "v" Some fountains. Level 5: <- You were here. Final resting place for you, killed by a soldier ant, wendel-Sam-Hum-Mal-Law, killed by a wand. Level 6: "nymph" Level 7: "Oracle" The Gnomish Mines: Level 4: Game over: ---------- / \ / REST \ / IN \ / PEACE \ / \ | Grasshopper | | 2234 Au | | killed by a | | soldier ant | | | | | | 2023 | *| * * * | * _________)/\\_//(\/(/\)/\//\/|_)_______ Goodbye Grasshopper the Wizard... You died in The Dungeons of Doom on dungeon level 5 with 5085 points, and 2234 pieces of gold, after 4501 moves. You were level 7 with a maximum of 49 hit points when you died.